 Dungeon Crawl Stone Soup version 0.29.1-14-g9c671dbff4 (webtiles) character file.

Game seed: 17505625289511357080

116 hawla the Firebug (level 5, -7/39 HPs)
             Began as a Meteoran Fire Elementalist on Feb 12, 2023.
             Killed from afar by an orc wizard (9 damage)
             ... with a puff of flame
             ... on level 3 of the Dungeon.
             The game lasted 00:03:02 (299 turns).

hawla the Firebug (Meteoran Fire Elementalist)       Turns: 299, Time: 00:03:02

Health: -7/39      AC:  2    Str: 10    XL:     5   Next: 46%
Magic:  0/12       EV: 12    Int: 18    God:
Gold:   29         SH:  0    Dex: 14    Spells: 9/12 levels left

rFire   . . .      SeeInvis .   (no weapon)
rCold   . . .      Faith    .   (no shield)
rNeg    . . .      Spirit   .   a - +0 robe
rPois   .          Reflect  .   (no helmet)
rElec   .          Harm     .   (no cloak)
rCorr   .          Rampage  .   (no gloves)
Will    .....                   (no boots)
Stlth   +.........              (no amulet)
HPRegen 0.13/turn               (no ring)
MPRegen 0.13/turn               (no ring)

@: brilliant, flying, glowing
A: sense surroundings 1, otherworldly, glowing, explore regen
a: no special abilities


You were on level 3 of the Dungeon.
You visited 1 branch of the dungeon, and saw 4 of its levels.

You collected 29 gold pieces.

Inventory:

Armour
 a - a +0 robe (worn)
Scrolls
 d - a scroll of fog
 g - a scroll of magic mapping
 h - a scroll of enchant armour {unknown}
 i - a scroll of vulnerability {unknown}


   Skills:
 + Level 0.3 Fighting
 + Level 2.7 Dodging
 - Level 1.4 Stealth
 + Level 4.2 Spellcasting
 + Level 1.5 Conjurations
 + Level 5.4 Fire Magic


You had 9 spell levels left.
You knew the following spells:

 Your Spells              Type           Power      Damage    Failure   Level
a - Foxfire               Conj/Fire      96%        2x1d8     3%          1
b - Scorch                Fire           70%        2d8       2%          2

Your spell library contained the following spells:

 Spells                   Type           Power      Damage    Failure   Level
 Conjure Flame            Conj/Fire      24%        6-21      11%         3
 Inner Flame              Hex/Fire       20%        N/A       14%         3
 Flame Wave               Conj/Fire      24%        2d8       34%         4


Dungeon Overview and Level Annotations

Branches:
Dungeon (4/15) Zot: 2100
 Temple: D:4-7

Altars:

Shops:
D:3 *


Innate Abilities, Weirdness & Mutations

You passively map a small area around you.
You are easily found by Zot.
You glow in the dark.
You regain HP and MP as you explore.


Message History

Flames lash the orc.
The orc is burned terribly!
You kill the orc!
The orc wizard gestures wildly while chanting.
The orc wizard flickers and vanishes!
Unknown command.
Casting: Scorch (safe; 2% risk of failure)
Confirm with . or Enter, or press ? or * to list all spells.
You conjure some foxfire!
You hear some strange, mumbled words.
A puff of flame appears from out of thin air!
The puff of flame hits you.
* * * LOW HITPOINT WARNING * * *
You feel better.
The foxfire hits something. x2
Casting: Foxfire (safe; 3% risk of failure)
Confirm with . or Enter, or press ? or * to list all spells.
Flames lash something.
Something hits you.
* * * LOW HITPOINT WARNING * * *
Unknown command.
It was a potion of cancellation.
You feel magically purged. Something hits you.
* * * LOW HITPOINT WARNING * * *
It was a potion of brilliance.
You feel clever all of a sudden.
It was a potion of flight.
You feel very buoyant.
You fly up into the air.
Something hits you.
* * * LOW HITPOINT WARNING * * *
Casting: Scorch (safe; 2% risk of failure)
Confirm with . or Enter, or press ? or * to list all spells.
You feel a surge of power!
You conjure some foxfire!
The foxfire hits something.
You hear some strange, mumbled words.
Something tries to affect you, but you resist.
You closely miss something.
The foxfire hits something.
Reactivating autopickup.
You feel a bit more experienced.
You hear some strange, mumbled words.
A puff of flame appears from out of thin air!
Deactivating autopickup; reactivate with Ctrl-A.
The puff of flame hits you!
You die...

...# #....### *...#.######+#...
§.§# #.##...## #.###.# #..'...
#§.####.####..###.###.#####..#...
§§..........#................#...
§§.####.###.#.##..###.#####.##...
.§......†...#...>## #.# #.###+#
§§§####.###.####.# #.# #.# *,*
.)## #.....# #.####.#####.# *,,
..#***#####)####@#..........# ***
....,,......)..{......#######
..###*#####.####)#.#### ...,,,,,*
#.####.#.# .###***,**#........#
,,,,,,,,,*######.#.# ,******,,*
#.#.# ,******,,* #.#.# ,,,,,,,,,*
#.#.#


There were no monsters in sight!

Vanquished Creatures
  An orc priest (D:3)
  An orc wizard (D:3)
  4 gnolls (D:3)
  An adder (D:2)
  2 orcs (D:3)
  An endoplasm (D:3)
  4 goblins
  2 bats
16 creatures vanquished.

Vanquished Creatures (others)
  30 foxfires
30 creatures vanquished.

Grand Total: 46 creatures vanquished

Notes
Turn   | Place    | Note
-------+----------+-------------------------------------------
     0 | D:1      | hawla the Meteoran Fire Elementalist began the quest for
                  | the Orb.
     0 | D:1      | Reached XP level 1. HP: 14/14 MP: 5/5
    52 | D:1      | Reached XP level 2. HP: 20/20 MP: 3/6
    62 | D:2      | Reached skill level 4 in Fire Magic
    98 | D:3      | Reached XP level 3. HP: 23/26 MP: 6/8
   101 | D:3      | Learned a level 2 spell: Scorch
   137 | D:3      | Found Usyitz's General Store.
   184 | D:3      | Reached XP level 4. HP: 10/33 MP: 0/10
   275 | D:3      | Reached skill level 5 in Fire Magic
   275 | D:3      | Reached XP level 5. HP: 10/38 MP: 4/12
   291 | D:3      | HP: 1/38 [something/puff of flame (6)]
   299 | D:3      | Killed from afar by an orc wizard

Illustrated notes

Levels and vault maps discovered:
D:1:      psy_arrival_dodecagon, layout_rooms
D:2:      layout_loops_ring, serial_shops, nicolae_shop_waterfront,
          shapermc_ecumenical_altar_acropolis
D:3:      layout_basic, ebering_ghost_inner_flame, serial_shops,
          nicolae_shop_statue_plus
D:4:      cheibrodos_fertilizer, layout_rooms, mainiacjoe_overflow_big_doors,
          serial_corexii_hall, corexii_hall_statues_t,
          chequers_hall_statues_wall_a, minmay_quantized

Skill      XL: |  1  2  3  4 |
---------------+-------------+-----
Spellcasting   | 3 4 |  4.2
Fire Magic     | 4 5 |  5.4
Fighting       | |  0.3
Dodging        | |  2.7
Stealth        | |  1.4
Conjurations   | |  1.5

Action                   |  1- 3 |  4- 6 || total
-------------------------+-------+-------++-------
Melee: Unarmed           |     3 |     3 ||     6
 Cast: Foxfire           |    14 |     3 ||    17
       Scorch            |     4 |    11 ||    15
  Use: Scroll            |     2 |       ||     2
       Potion            |       |     6 ||     6
Armor: Robe              |       |     2 ||     2
Dodge: Dodged            |     6 |     3 ||     9
